← All builds
Beach sea / Cortex / Economy first / OBSERVED BUILD

Standard beach sea

Cortex Beach sea build order · Supreme Isthmus

The role's usual play: com goes to sea to build a shipyard around 2 minutes, pumping frigates and destroyers to contest enemy sea entry or hold vision, with an advanced metal extractor around 10 minutes as the transition into the team's…

Usually shipyard first (94%)

#naval #eco · 812 distinct matches · 107 players · 84% of Cortex Beach sea games · team won 55% of 877 · Recently observed

HOW TO PLAY IT

Key timing: Shipyard by 1:57

  1. Open 3 mex and wind while com heads straight to sea.
  2. Drop Shipyard fast, before 2:00, to seize early sea presence.
  3. Push "frigate" out to contest enemy sea entry or hold vision.
  4. Add "destroyer" as the fleet grows.
  5. Transition into Advanced Metal Extractor to catch up on eco.

Phase by phase

TYPICAL OF ITS 812 GAMES
  1. 1
  2. 2
  3. 3
PLAY THE OPENING

Follow the example game's first 6:00 step by step: what to build now, what comes next, and where it goes. At 1× it keeps pace with your own game.

  1. 1

    Up to the Shipyard

    Economy
    • Metal Extractor3Mex
    • Wind Turbine3Windfor allies
    • Wind Turbine2Wind
    • Energy Storage1Energy storage
    Order
    1. ShipyardShipyard after 3 mex, 2 wind, 1 energy storagedone ~1:57, middle half 1:44–2:08

    By 1:41 in all: 3 mex · 2 wind · 1 energy storage

    The example game in this phase · 3 steps
    1. Mex ×3
    2. Tidal ×2
    3. ShipyardShipyarddone 1:23 · typical 1:57
  2. 2

    Shipyard to 5:00

    Economy
    • Metal Extractor5Mex
    • Tidal Generator2Tidal
    Builders
    • Construction Ship2 Con ship
    Army
    • Riptide2 Frigate
    • Herring1 Missile corvette
    • Oppressor1 Destroyer
    Other
    • Naval Radar / Sonar Tower1 Naval Radar / Sonar Tower

    Some games also: Urchin (43%) · wind (40%) · submarine (39%) · gunboat (36%) · con turret (35%)

    By 5:00 in all: 8 mex · 3 wind · 2 tidal · 1 energy storage

    The example game in this phase · 28 steps
    1. Tidal
    2. Construction ShipCon ship
    3. Tidal
    4. Windfor Air
    5. Construction ShipCon ship
    6. Windfor Air
    7. Mex
    8. Windfor Air
    9. HerringMissile corvette
    10. OrcaSubmarinedone 3:08
    11. Mex ×3
    12. Tidal
    13. Naval Radar / Sonar TowerNaval Radar / Sonar Tower
    14. Con turret
    15. OrcaSubmarine
    16. Tidal
    17. Mex ×2
    18. RiptideFrigatedone 4:27 · typical 3:52
    19. Mex
    20. UrchinUrchin
    21. Wind
    22. Radar TowerRadar Tower
    23. RiptideFrigate
    24. Naval Radar / Sonar TowerNaval Radar / Sonar Tower
    25. Wind
    26. GuardGuard
    27. Wind
    28. RiptideFrigate
  3. 3

    5:00 to 10:00

    Economy
    • Metal Extractor1Mex
    • Wind Turbine10Wind
    Builders
    • Death Cavalry1 Death Cavalry
    • Construction Ship1 Con ship
    Army
    • Urchin1 Urchin
    • Riptide5 Frigate
    • Oppressor2 Destroyer
    • Herring2 Missile corvette
    Other
    • Naval Radar / Sonar Tower1 Naval Radar / Sonar Tower

    Some games also: Naval Construction Turret (48%) · Guard (47%) · Radar Tower (41%) · tidal (38%) · con turret (34%)

    By 10:00 in all: 9 mex · 12 wind · 4 wind · 4 tidal · 1 energy storage · 1 Naval Construction Turret

    The example game in this phase · 82 steps
    1. Wind
    2. Converter
    3. OppressorDestroyerdone 5:58 · typical 5:11
    4. Converter
    5. Radar TowerRadar Tower
    6. GuardGuard
    7. Naval Radar / Sonar TowerNaval Radar / Sonar Tower
    8. Energy storage
    9. Death CavalryDeath Cavalry
    10. HerringMissile corvette
    11. Wind
    12. RiptideFrigate
    13. Wind ×2
    14. Naval Construction Turret
    15. Naval Radar / Sonar TowerNaval Radar / Sonar Tower
    16. RiptideFrigate
    17. Mex
    18. Wind
    19. Tidal
    20. Wind
    21. OppressorDestroyer
    22. Tidal
    23. Death CavalryDeath Cavalry
    24. Wind
    25. Tidal
    26. BeholderBeholder
    27. Wind
    28. Tidal
    29. BeholderBeholder
    30. Wind
    31. Tidal
    32. Wind ×2
    33. Tidal ×2
    34. RiptideFrigate
    35. Tidal
    36. RiptideFrigate
    37. Tidal
    38. HerringMissile corvette
    39. Tidal
    40. OppressorDestroyer
    41. Naval Construction Turret
    42. Amphibious ComplexAmphibious Complexnot finished by 15:00
    43. Naval Hovercraft PlatformNaval Hovercraft Platformdone 9:44
    44. Advanced Metal ExtractorT2 mexdone 10:00 · typical 9:58
    45. BeholderBeholder
    46. Death CavalryDeath Cavalry
    47. Naval Construction Turret
    48. Construction ShipCon ship
    49. RiptideFrigate
    50. HerringMissile corvette
    51. Death CavalryDeath Cavalry
    52. BirdeaterHover anti-air
    53. GoonGoon
    54. MangonelHover rocket bot ×2
    55. BirdeaterHover anti-air ×2
    56. GoonGoon ×2
    57. Advanced Metal ExtractorT2 mex
    58. GoonGoon ×9
    59. ShipyardShipyarddone 10:48
    60. Advanced Metal ExtractorT2 mex
    61. Advanced ShipyardAdvanced Shipyarddone 11:57
    62. Naval NettleNaval Nettle
    63. Advanced Construction SubAdvanced Construction Sub
    64. Naval NettleNaval Nettle
    65. PathfinderPathfinder ×2
    66. DespotBattleshipdone 13:26
    67. Mex
    68. Construction ShipCon ship
    69. Naval Construction Turret
    70. SentrySentry
    71. Naval Advanced Metal ExtractorNaval Advanced Metal Extractordone 13:29
    72. SentrySentry
    73. Construction ShipCon ship
    74. Advanced Metal ExtractorT2 mex
    75. BrimstoneAnti-swarm ship ×2done 13:40
    76. Naval Advanced Metal ExtractorNaval Advanced Metal Extractor
    77. SentrySentry
    78. BrimstoneAnti-swarm ship
    79. SentrySentry
    80. Tidal ×3
    81. Black HydraBlack Hydranot finished by 15:00
    82. Tidal ×5

Counts are medians over the build's games: half of them build more, half fewer. The example game is N2G's (44 OS, 20/08/2026); pick another.

Team trades

IN AT LEAST 30% OF ITS GAMES

You hand over

  • Wind Turbine3 Wind to Airfirst at 1:52 · in 79% of games

You get

  • Finch1 Finch from Airfirst at 1:58 · in 82% of games
  • Lazarus1 Lazarus from Geofirst at 2:13 · in 62% of games
  • Hephaestus1 Heavy transport from Airfirst at 2:16 · in 68% of games
  • Construction Bot1 Con bot from Geofirst at 2:28 · in 69% of games
  • Hercules1 Light transport from Airfirst at 2:34 · in 32% of games
  • Advanced Construction Bot1 T2 con bot from Techfirst at 8:09 · in 88% of games

How it plays out

Typical game of this build, running totals by minute

Metal produced

010k20k30k
0:005:0010:0015:00

metal

Enemy metal destroyed

05k10k
0:005:0010:0015:00

metal

Own metal lost

02.5k5k7.5k
0:005:0010:0015:00

metal

877 games.

Show as table
ByMetal produced: This buildEnemy metal destroyed: This buildOwn metal lost: This build
1:0040300
2:0093700
3:00156800
4:0025312150
5:003701197100
6:005032534254
7:0064761096590
8:00807618331031
9:00968328541610
10:001159239942340
11:001382252133090
12:001635261643821
13:001911472004611
14:002195382755717
15:002492992706561
WHAT THE NUMBERS SAY

Standard Beach sea wins more than Geo sea's 50% and gets its Shipyard up faster, using early sea access before falling behind on land resources.

  • + Shipyard finishes by 1:57, faster than Geo sea's 3:18
  • + 54% team win rate beats the Cortex geo sea baseline
  • − Metal produced trails Geo sea's Cortex build, 24356 vs 28451 by 15:00
  • − T2 factory only lands in 35% of games by 12:42
THE EXAMPLE YOU ARE READING

N2G

43.8 OS · 20/08/2026

Open source match ↗

6 received units · includes a constructor
686 metal received · 59680 energy received

Allied construction assistance is unknown. Timings are observations, not a promise of solo reproducibility.

Typical milestones

Shipyard1:57Middle 50%: 1:44–2:08 · n=875
Riptide3:52Middle 50%: 3:16–4:34 · n=863
Oppressor5:11Middle 50%: 4:16–6:08 · n=848
Advanced Metal Extractor9:58Middle 50%: 9:16–10:53 · n=743

Played most by

EpicTyrannus85games of this buildDamsko67games of this buildWaboum64games of this buildPRO_HYDRA60games of this buildMrCoolPotato51games of this build